 Dungeon Crawl Stone Soup version 0.27-a0-1325-g58a489ad9e (webtiles) character file.

Game seed: 5487591150839814775

464 Orlauf the Skirmisher (level 7, 0/75 HPs)
             Began as an Ogre Hunter on June 24, 2021.
             Slain by a gnoll (6 damage)
             ... on level 4 of the Dungeon.
             The game lasted 00:08:24 (3836 turns).

Orlauf the Skirmisher (Ogre Hunter)                 Turns: 3836, Time: 00:08:25

Health: 0/75       AC:  4    Str: 17    XL:     7   Next: 8%
Magic:  6/6        EV: 10    Int: 12    God:
Gold:   99         SH:  5    Dex: 11    Spells: 6/6 levels left

rFire    . . .     SeeInvis .   a - +0 whip (venom)
rCold    + . .     Faith    .   (no shield)
rNeg     . . .     Spirit   .   n - +1 robe
rPois    .         Reflect  +   (helmet restricted)
rElec    .         Harm     .   (no cloak)
rCorr    +         Rampage  .   (gloves unavailable)
Will     .....                  (boots unavailable)
Stlth    +.........             i - amulet of reflection
HPRegen  0.22/turn              p - ring of resist corrosion
MPRegen  0.10/turn              f - ring of protection from cold

@: no status effects
A: large, unfitting armour, tough skin 1, low mp 1
a: no special abilities


You were on level 4 of the Dungeon.
You visited 1 branch of the dungeon, and saw 4 of its levels.

You collected 211 gold pieces.
You spent 112 gold pieces at shops.

Inventory:

Hand Weapons
 a - a +0 whip of venom (weapon)
 b - a +0 giant club
 o - a +0 flail
Missiles
 e - 32 stones
 h - 20 sling bullets
 k - 15 boomerangs (quivered)
Armour
 n - a +1 robe (worn)
Jewellery
 f - a ring of protection from cold (right hand)
 i - an amulet of reflection (around neck)
 p - a ring of resist corrosion (left hand)
Scrolls
 j - 3 scrolls of identify


   Skills:
 * Level 6.1 Fighting
 * Level 3.2 Maces & Flails
 + Level 5.0 Throwing
 + Level 3.1 Dodging
 - Level 0.6 Stealth


You had 6 spell levels left.
You didn't know any spells.
Your spell library contained the following spells:

 Spells                   Type           Power      Damage    Failure   Level
 Summon Small Mammal      Summ           0%         N/A       32%         1
 Call Imp                 Summ           0%         N/A       45%         2
 Call Canine Familiar     Summ           0%         N/A       69%         3
 Summon Guardian Golem    Hex/Summ       0%         N/A       69%         3
 Summon Ice Beast         Ice/Summ       0%         N/A       97%         4
 Summon Lightning Spire   Summ/Air       0%         N/A       97%         4


Dungeon Overview and Level Annotations

Branches:
Dungeon (4/15)
 Temple: D:4-7

Altars:
Kikubaaqudgha

Shops:
D:4 *!


Innate Abilities, Weirdness & Mutations

You are too large for most types of armour.
You have tough skin. (AC +1)
Your magical capacity is low. (-10% MP)


Message History

The gnoll hits you with a +0 flail.
The gnoll hits you from afar with a +0 spear!
Throw: 15 boomerangs
Press: ? - help, Q - select action, (/) - cycle Shift-Dir - straight line, f/p - gnoll
Aim: a gnoll, wielding a +0 spear (severely wounded, 65% to hit)
You throw a boomerang. The boomerang closely misses the gnoll.
The quokka barely misses you. The gnoll hits you with a +0 flail!
The gnoll hits you from afar with a +0 spear.
* * * LOW HITPOINT WARNING * * *
The quokka bites you but does no damage.
Throw: 15 boomerangs
Press: ? - help, Q - select action, (/) - cycle Shift-Dir - straight line, f/p - gnoll
Aim: a gnoll, wielding a +0 spear (severely wounded, 65% to hit)
You throw a boomerang. The boomerang hits the gnoll!
You kill the gnoll!
The gnoll hits you with a +0 flail!
* * * LOW HITPOINT WARNING * * *
The quokka bites you.
* * * LOW HITPOINT WARNING * * *
You closely miss the quokka.
The quokka is moderately wounded.
You feel your willpower return.
The quokka bites you but does no damage.
The gnoll barely misses you. The gnoll closely misses you.
The quokka bites you but does no damage.
You feel better. The quokka bites you.
* * * LOW HITPOINT WARNING * * *
The gnoll barely misses you.
You closely miss the gnoll.
The quokka twitches its whiskers.
The quokka closely misses you. The gnoll hits you with a +0 flail!
* * * LOW HITPOINT WARNING * * *
Okay, then.
You aren't carrying any potions.
Your +0 whip of venom begins to drip with poison!
a - a +0 whip of venom (weapon)
The quokka bites you.
* * * LOW HITPOINT WARNING * * *
You completely miss the gnoll. The gnoll hits you with a +0 flail.
You die...

#.##.####.#
#...# ###. #.#
#.. ###.# .
#......# ##.. .#
.##.#.#########.
.
.............###
. #.(.........#
###..)......(.#
#....)..r......
#..g@.......
#...).......
#..$...!....
#?..........
#?..........
##########.. .


You could see a gnoll and a quokka.

Vanquished Creatures
  A sky beast (D:3)
  2 ogres
  An iguana (D:4)
  An orc wizard (D:3)
  3 gnolls (D:4)
  3 adders
  An ufetubus (D:4)
  2 worms (D:3)
  5 orcs (D:3)
  6 ball pythons
  8 bats
  6 endoplasms
  3 giant cockroaches
  5 goblins
  9 hobgoblins
  2 jackals (D:2)
  5 quokkas
  8 frilled lizards
  7 kobolds
  A quokka skeleton (D:4)
  8 rats
87 creatures vanquished.

Notes
Turn   | Place    | Note
-------+----------+-------------------------------------------
     0 | D:1      | Orlauf the Ogre Hunter began the quest for the Orb.
     0 | D:1      | Reached XP level 1. HP: 22/22 MP: 1/1
   153 | D:1      | Reached skill level 3 in Fighting
   159 | D:1      | Reached XP level 2. HP: 26/31 MP: 2/2
  1299 | D:1      | Reached XP level 3. HP: 39/39 MP: 3/3
  1614 | D:2      | Found a faded altar of an unknown god.
  1615 | D:2      | Found an ancient bone altar of Kikubaaqudgha.
  2072 | D:2      | Reached skill level 4 in Fighting
  2267 | D:2      | Reached skill level 1 in Maces & Flails
  2389 | D:3      | Reached XP level 4. HP: 48/48 MP: 4/4
  2696 | D:3      | Noticed an ogre
  2705 | D:3      | Killed an ogre
  2706 | D:3      | Reached skill level 5 in Fighting
  2706 | D:3      | Reached XP level 5. HP: 55/57 MP: 5/5
  3063 | D:3      | Noticed a sky beast
  3089 | D:3      | Gained mutation: You are occasionally teleported next to
                  | monsters. [potion of mutation]
  3091 | D:3      | Killed a sky beast
  3092 | D:3      | Reached XP level 6. HP: 10/66 MP: 6/6
  3530 | D:4      | Found Getenoowk's General Store.
  3554 | D:4      | Found Ichiwy's Distillery.
  3565 | D:4      | Bought a potion of mutation for 112 gold pieces
  3565 | D:4      | Lost mutation: You are occasionally teleported next to
                  | monsters. [potion of mutation]
  3565 | D:4      | Gained mutation: Your magical capacity is low. (-10% MP)
                  | [potion of mutation]
  3565 | D:4      | Gained mutation: Your magical capacity is very low. (-20%
                  | MP) [potion of mutation]
  3565 | D:4      | Lost mutation: Your magical capacity is very low. (-20% MP)
                  | [potion of mutation]
  3814 | D:4      | Reached skill level 6 in Fighting
  3814 | D:4      | Reached skill level 5 in Throwing
  3814 | D:4      | Reached XP level 7. HP: 73/75 MP: 6/6
  3836 | D:4      | Slain by a gnoll

Illustrated notes

Levels and vault maps discovered:
D:1:      lemuel_arrival_broad_hall, layout_basic
D:2:      layout_rooms, ebering_ecumenical_altar_petrified, basic_altar
D:3:      layout_rooms, minmay_three_crescents
D:4:      layout_rooms, lemuel_crystal_altar, serial_shops,
          nicolae_shop_window_shopping, nicolae_stop_n_shop_1,
          nicolae_shop_window_shopping, minmay_checkerbox

Skill      XL: |  1  2  3  4  5  6 |
---------------+-------------------+-----
Fighting       | 3 4 5 6 |  6.1
Dodging        | 2 3 |  3.1
Maces & Flails | 1 2 3 |  3.2
Throwing       | 5 |  5.0
Stealth        | |  0.6

Action                   |  1- 3 |  4- 6 |  7- 9 || total
-------------------------+-------+-------+-------++-------
Melee: Short sword       |    46 |       |       ||    46
       Whip              |    49 |    34 |     1 ||    84
       Giant club        |       |    63 |     6 ||    69
Throw: Large rock        |    13 |     3 |     2 ||    18
       Stone             |    76 |    10 |       ||    86
       Boomerang         |     9 |    59 |    10 ||    78
       Throwing net      |       |     3 |       ||     3
  Use: Potion            |       |     5 |     1 ||     6
       Scroll            |       |     4 |       ||     4
Armor: Robe              |    37 |    56 |     8 ||   101
Dodge: Dodged            |    63 |    79 |    14 ||   156
Block: Other             |       |    12 |     6 ||    18

Table legend: (Time is in decaauts)
 A = Elapsed time spent in this place.
 B = Non-inter-level travel time spent in this place.
 C = Inter-level travel time spent in this place.
 D = Time resting spent in this place.
 E = Time spent auto-exploring this place.
 F = Levels seen in this place.
 G = Mean time per level.
                   A        B        C        D        E       F      G
               +--------+--------+--------+--------+--------+-----+--------+
         Total |   3881 |   3759 |    122 |    303 |   2735 |   4 |  970.2 |
       Dungeon |   3881 |   3759 |    122 |    303 |   2735 |   4 |  970.2 |
               +--------+--------+--------+--------+--------+-----+--------+

Top non-repeatable levels by time:
     D:1: 1625 daAuts
     D:3: 1167 daAuts
     D:2: 759 daAuts
     D:4: 329 daAuts
